 Dungeon Crawl Stone Soup version 0.25-a0-471-g78e40d7af6 (webtiles) character file.

Game seed: 744488693414547782, levelgen mode: deterministic

25 Eurus the Magician (level 2, 14/14 HPs)
             Began as a Spriggan Conjurer on Feb 6, 2020.
             Quit the game on level 1 of the Dungeon.
             The game lasted 00:02:13 (1074 turns).

Eurus the Magician (Spriggan Conjurer)              Turns: 1074, Time: 00:02:14

Health: 14/14      AC:  2    Str:  4    XL:     2   Next: 86%
Magic:  7/7        EV: 18    Int: 16    God:
Gold:   24         SH:  0    Dex: 16    Spells: 6/7 levels left

rFire    . . .     SeeInvis +   f - +0 dagger
rCold    . . .     Gourm    .   (shield restricted)
rNeg     . . .     Faith    .   a - +0 robe
rPois    .         Spirit   .   (helmet restricted)
rElec    .         Reflect  .   (no cloak)
rCorr    .         Harm     .   (gloves unavailable)
MR       .....                  (boots unavailable)
Stlth    ++........             (no amulet)
HPRegen  0.04/turn              (no ring)
MPRegen  0.10/turn              (no ring)

@: very quick
A: very small, unfitting armour, see invisible, herbivore, speed 3, slow
metabolism 2
a: no special abilities


You were on level 1 of the Dungeon.
You were not hungry.

You visited 1 branch of the dungeon, and saw 1 of its levels.

You collected 24 gold pieces.

Inventory:

Hand Weapons
 f - a +0 dagger (weapon)
Armour
 a - a +0 robe (worn)
Scrolls
 b - a scroll of magic mapping {unknown}
 e - a scroll of random uselessness {unknown}
 g - a scroll of teleportation {unknown}
Potions
 d - a potion of curing {unknown}
 h - a potion of heal wounds {unknown}
Comestibles
 c - 3 rations


   Skills:
 + Level 1.0 Fighting
 - Level 3.0 Dodging
 - Level 3.0 Stealth
 + Level 3.3 Spellcasting
 + Level 3.2 Conjurations


You had 6 spell levels left.
You knew the following spells:

 Your Spells              Type           Power        Failure   Level  Hunger
a - Magic Dart            Conj           ##..         4%          1    None

Your spell library contained the following spells:

 Spells                   Type           Power        Failure   Level  Hunger
 Searing Ray              Conj           ##....       8%          2    ##.....
 Dazzling Flash           Conj/Hex       #.....       28%         3    ###....
 Fulminant Prism          Conj/Hex       #.........   67%         4    ####...
 Iskenderun's Mystic Bla  Conj/Tloc      #.......     67%         4    ####...


Dungeon Overview and Level Annotations

Branches:
Dungeon (1/15)

Altars:
Xom


Innate Abilities, Weirdness & Mutations

You are very small and have problems with some larger weapons.
You are too small for most types of armour.
You have supernaturally acute eyesight. (SInv)
You are a herbivore.
You cover ground extremely quickly.
You need to consume almost no food.


Message History

Aim: a bat The magic dart hits the bat but does no damage.
Casting: Magic Dart (safe; 4% risk of failure)
Confirm with . or Enter, or press ? or * to list all spells.
Aiming: Magic Dart (safe; 4% risk of failure)
Press: ? - help, Shift-Dir - straight line, f/p - bat
Aim: a bat The magic dart hits the bat.
The bat is severely wounded.
The bat closely misses you.
Casting: Magic Dart (safe; 4% risk of failure)
Confirm with . or Enter, or press ? or * to list all spells.
Aiming: Magic Dart (safe; 4% risk of failure)
Press: ? - help, Shift-Dir - straight line, f/p - bat
Aim: a bat (severely wounded)
The magic dart hits the bat.
You kill the bat!
You start resting.
Magic restored.
Are you sure you want to abandon this character and quit the game? (Confirm with "yes".)

#... ..# .. ## ..
####### .# ......# .#
#####.# .# #.# .#
#.###########.#####.
#)..........@.......
###########.##.####.####
#.........(.##.####.#
#.############......#
..# #..##### ### #..# #
##..###### # #.........
# ##......###


There were no monsters in sight!

Vanquished Creatures
  A dart slug (D:1)
  6 bats (D:1)
  2 giant cockroaches (D:1)
  4 hobgoblins (D:1)
  2 frilled lizards (D:1)
  6 goblins (D:1)
  2 rats (D:1)
23 creatures vanquished.

Notes
Turn   | Place    | Note
-------+----------+-------------------------------------------
     0 | D:1      | Eurus the Spriggan Conjurer began the quest for the Orb.
     0 | D:1      | Reached XP level 1. HP: 9/9 MP: 5/5
    80 | D:1      | Found a shimmering altar of Xom.
   248 | D:1      | Reached XP level 2. HP: 11/14 MP: 4/7
  1022 | D:1      | Reached skill level 1 in Fighting
  1074 | D:1      | Quit the game

Levels and vault maps discovered:
D:1:      lightli_arrival_quake, layout_loops_ring, xom_teletrap_fun

Skill      XL: |  1  2 |
---------------+-------+-----
Conjurations   | 3 |  3.2
Spellcasting   | 3 |  3.3
Fighting       | 1 |  1.0
Dodging        | |  3.0
Stealth        | |  3.0

Action                   || total
-------------------------++-------
Melee: Club              ||    22
       Unarmed           ||     5
       Dagger            ||    40
 Cast: Magic Dart        ||    34
 Stab: Sleeping          ||     1
Armor: Robe              ||    10
Dodge: Dodged            ||    74

Table legend:
 A = Non-vault XP
 B = Vault XP
 C = Vault XP percentage of total XP
 D = Non-vault monster count
 E = Vault monster count
 F = Vault count percentage of total count
                 A         B        C        D         E       F
            +---------+---------+-------+---------+---------+-------
      Total |      37 |       0 |   0.0 |      23 |       0 |   0.0
            +---------+---------+-------+---------+---------+-------
        D:1 |      37 |       0 |   0.0 |      23 |       0 |   0.0
            +---------+---------+-------+---------+---------+-------
